 Dungeon Crawl Stone Soup version 0.20.1-1-g8b1a95d (webtiles) character file.

5110 Lanoc the Slicer (level 10, -16/79 HPs)
             Began as a Demonspawn Berserker on Nov 23, 2017.
             Was a High Priest of Trog.
             Shot with a bolt by an orc warrior (32 damage)
             ... on level 2 of the Orcish Mines.
             The game lasted 00:50:52 (7941 turns).

Lanoc the Slicer (Demonspawn Berserker)             Turns: 7941, Time: 00:50:53

Health: -16/79     AC:  6    Str: 21    XL:     10   Next: 32%
Magic:  10/10      EV: 15    Int:  8    God:    Trog [*****.]
Gold:   919        SH:  0    Dex: 15    Spells: 9/9 levels left

rFire    . . .     SeeInvis .   N - +4 dire flail
rCold    + . .     Gourm    .   (shield currently unavailable)
rNeg     . . .     Faith    .   O - +2 robe {rC+}
rPois    .         Spirit   .   (no helmet)
rElec    .         Reflect  .   (no cloak)
rCorr    .         Harm     +   (no gloves)
MR       +....                  (no boots)
Stlth    +++.......             F - amulet of harm
Regen    0.3/turn               I - +2 ring of dexterity
MPRegen  0.2/turn               G - ring of protection from magic

@: no status effects
A: hooves 2, molten scales 1, powered by death 2
a: Berserk, Trog's Hand, Brothers in Arms, Burn Spellbooks, Renounce Religion


You were on level 2 of the Orcish Mines.
You worshipped Trog.
Trog was extremely pleased with you.
You were not hungry.

You visited 2 branches of the dungeon, and saw 11 of its levels.
You also visited: Ossuary.

You collected 952 gold pieces.
You spent 33 gold pieces at shops.

Inventory:

Hand Weapons
 i - a +0 short sword of venom
 o - a +1 antimagic dagger
 s - a +0 long sword
 y - a +2 mace
 H - a +4 fustibalus
 J - a +1 dagger of distortion
 L - a +2 flail
 M - a cursed +0 dagger of venom
 N - a +4 dire flail (weapon)
 Q - a +3 hunting sling of velocity
 R - a +0 quarterstaff
 X - a cursed -1 halberd
Missiles
 e - 2 poisoned tomahawks
 r - 6 tomahawks (quivered)
Armour
 O - a +2 robe of cold resistance (worn)
Magical Staves
 S - an uncursed staff of wizardry {unknown}
Jewellery
 g - an uncursed ring of positive energy
 j - an uncursed ring of fire
 x - an uncursed ring of flight
 F - an amulet of harm (around neck)
 G - a ring of protection from magic (right hand)
 I - a +2 ring of dexterity (left hand)
Wands
 q - a wand of digging (4/24)
 D - a wand of disintegration (14/24)
 T - a wand of lightning (6/15)
Scrolls
 b - a scroll of summoning {unknown}
 f - a scroll of recharging {unknown}
 h - 3 scrolls of identify
 l - 3 scrolls of enchant weapon
 n - 4 scrolls of fear
 t - a scroll of amnesia {unknown}
 u - 2 scrolls of enchant armour {unknown}
 v - a scroll of blinking {unknown}
 w - 2 scrolls of remove curse
Potions
 a - 2 potions of invisibility {unknown}
 d - a potion of might
 k - 2 potions of magic
 m - a potion of lignification
 p - a potion of cancellation {unknown}
 z - 5 potions of curing
 A - 2 potions of degeneration {unknown}
 B - a potion of mutation {unknown}
 K - a potion of flight {unknown}
 P - a potion of heal wounds {unknown}
 U - 2 potions of brilliance {unknown}
 V - a potion of ambrosia {unknown}
Comestibles
 c - 3 bread rations
 C - 4 royal jellies
 E - 5 fruits


   Skills:
 + Level 7.0 Fighting
 + Level 8.2(8.7) Short Blades
 + Level 4.2(6.7) Long Blades
 + Level 2.6 Maces & Flails
 + Level 3.2 Throwing
 + Level 1.9 Armour
 + Level 5.8 Dodging
 + Level 6.0 Stealth


You had 9 spell levels left.
You didn't know any spells.

Dungeon Overview and Level Annotations

Branches:
Dungeon (9/15)             Temple (0/1) D:7             Orc (2/2) D:9
   Lair: D:8-11         Elf: Orc:2

Altars:
Ashenzari
Gozag
Kikubaaqudgha
Makhleb
Nemelex Xobeh
Ru
Uskayaw
Vehumet
Xom
Zin
The Shining One

Shops:
D:6 %


Innate Abilities, Weirdness & Mutations

You have hoof-like feet.
You are partially covered in molten scales. (AC +2)
You regenerate health from kills.


Message History

An orc knight comes into view. It is wielding a broad axe.
An ogre comes into view. It is wielding a giant club.
An orc warrior comes into view. It is wielding a glaive.
A centaur warrior comes into view.
The ogre shouts!
The centaur warrior shouts!
The orc warrior shouts!
You hear a shout! x4; The orc warrior shouts!
You hear a shout! x3
The orc warrior unwields an uncursed glaive.
The orc warrior wields an arbalest.
The orc warrior shoots a bolt.
The bolt hits you!
The orc warrior unwields an uncursed battleaxe.
The orc warrior wields an arbalest.
The orc warrior shoots a bolt.
The bolt hits you!
The centaur warrior wields a shortbow.
The centaur warrior shoots an arrow.
The arrow hits you!
Things that are here:
an arrow; 2 bolts The centaur warrior shoots an arrow.
The arrow hits you!
* * * LOW HITPOINT WARNING * * *
The ogre completely misses you.
The orc warrior shoots a bolt.
The bolt hits you!!
You die...

......ooooo .
#.....≈≈≈≈##
..#......≈≈≈≈###
..........≈≈≈≈## .
#...ooc....≈≈≈#
..##..........≈≈#
...##..##..##...###.
.........(..(O......
.#..........@.......
#.........#...###...
...##........## #
#............# .#
#............# ..#
....#...)....###...#
.....#.).......#..#
......#).#........#
.................#


You could see a centaur warrior, 2 orc warriors and an ogre.

Vanquished Creatures
  A two-headed ogre (D:8)
  Joseph (D:9)
  A troll (Orc:1)
  The ghost of dscm the Shield-Bearer, an amateur DsFi (D:6)
  4 orc warriors
  2 ice beasts
  A black bear (D:7)
  3 necrophages
  5 ogres
  A centaur (D:6)
  A water moccasin zombie (D:8)
  A water moccasin skeleton (D:8)
  13 scorpions
  6 wights
  3 howler monkeys
  A crimson imp (D:8)
  A quasit (D:6)
  A centaur zombie (Ossuary)
  A bullfrog zombie (D:5)
  5 jellies
  3 bullfrog skeletons
  3 hounds
  2 human zombies (Ossuary)
  Terence (D:2)
  5 iguanas
  9 orc wizards
  2 worker ants
  2 mummies (Ossuary)
  A hound skeleton (D:6)
  A worker ant zombie (D:8)
  3 gnolls (D:5)
  14 adders
  3 scorpion zombies (Ossuary)
  4 shadow imps
  3 adder skeletons
  A worm (D:4)
  3 dart slugs
  4 leopard geckos
  17 orcs
  2 giant cockroaches
  6 goblins
  5 hobgoblins
  8 jackals
  8 kobolds
  5 quokkas
  6 bats
  8 frilled lizards
  2 hobgoblin zombies (Ossuary)
  A jackal skeleton (D:7)
  2 kobold zombies (Ossuary)
  5 orc zombies (Ossuary)
  A quokka skeleton (D:6)
  4 rats
197 creatures vanquished.

Vanquished Creatures (others)
  A scorpion (Ossuary)
  A mummy (Ossuary)
2 creatures vanquished.

Grand Total: 199 creatures vanquished

Notes
Turn   | Place    | Note
-------+----------+-------------------------------------------
     0 | D:1      | Lanoc the Demonspawn Berserker began the quest for the Orb.
     0 | D:1      | Reached XP level 1. HP: 18/18 MP: 1/1
   184 | D:1      | Gained mutation: You are partially covered in molten scales. (AC +2) [demonic ancestry]
   184 | D:1      | Reached XP level 2. HP: 10/24 MP: 2/2
   560 | D:1      | Found a shattered altar of Ashenzari.
  1129 | D:2      | Found a faded altar of an unknown god.
  1163 | D:2      | Gained mutation: You have large cloven feet. [demonic ancestry]
  1163 | D:2      | Reached XP level 3. HP: 29/29 MP: 3/3
  1279 | D:2      | Reached ** piety under Trog
  1296 | D:2      | Noticed Terence
  1311 | D:2      | Killed Terence
  1311 | D:2      | Reached XP level 4. HP: 30/36 MP: 4/4
  1493 | D:2      | Reached skill level 1 in Short Blades
  1775 | D:3      | Reached skill level 1 in Stealth
  1955 | D:3      | Found a radiant altar of Vehumet.
  1993 | D:3      | Reached XP level 5. HP: 35/42 MP: 5/5
  2140 | D:4      | Found a shattered altar of Ashenzari.
  2310 | D:4      | Found a sparkling altar of Nemelex Xobeh.
  2349 | D:4      | Reached skill level 2 in Short Blades
  2480 | D:4      | Found an opulent altar of Gozag.
  2529 | D:4      | Gained mutation: You regenerate a little health from kills. [demonic ancestry]
  2529 | D:4      | Reached XP level 6. HP: 31/48 MP: 6/6
  2543 | D:4      | Noticed a hand axe
  2544 | D:4      | Noticed a dagger
  2566 | D:4      | Found a hide-covered altar of Uskayaw.
  2605 | D:4      | Found a sacrificial altar of Ru.
  2735 | D:4      | Found a glowing golden altar of the Shining One.
  3129 | D:5      | Entered Level 5 of the Dungeon
  3171 | D:5      | Reached skill level 3 in Short Blades
  3171 | D:5      | Reached skill level 1 in Throwing
  3179 | D:5      | Found a shimmering altar of Xom.
  3417 | D:5      | Found a glowing silver altar of Zin.
  3753 | D:5      | Reached XP level 7. HP: 48/54 MP: 7/7
  3814 | D:5      | Reached *** piety under Trog
  3999 | D:5      | Reached skill level 4 in Short Blades
  4512 | D:6      | Found a sand-covered staircase.
  4512 | D:6      | Noticed dscm's ghost (amateur DsFi)
  4524 | D:6      | Killed dscm's ghost
  4524 | D:6      | Reached XP level 8. HP: 60/61 MP: 8/8
  4530 | Ossuary  | Entered an ossuary
  4588 | Ossuary  | Reached skill level 5 in Short Blades
  4599 | Ossuary  | Reached skill level 5 in Fighting
  4935 | Ossuary  | Reached skill level 6 in Short Blades
  4952 | Ossuary  | Reached **** piety under Trog
  5498 | D:6      | Found an ancient bone altar of Kikubaaqudgha.
  5590 | D:6      | Gained mutation: You have hoof-like feet. [demonic ancestry]
  5590 | D:6      | Reached XP level 9. HP: 69/69 MP: 9/9
  5597 | D:6      | Found Toxuzyke's Food Boutique.
  5600 | D:6      | Bought 2 fruits for 33 gold pieces
  5690 | D:6      | Found a burning altar of Makhleb.
  5956 | D:7      | Found a staircase to the Ecumenical Temple.
  6003 | D:7      | Found a glowing silver altar of Zin.
  6004 | D:7      | Noticed an angel
  6158 | D:7      | Reached skill level 7 in Short Blades
  6577 | D:8      | Found a hide-covered altar of Uskayaw.
  6579 | D:8      | Noticed a two-headed ogre
  6592 | D:8      | Killed a two-headed ogre
  6592 | D:8      | Reached skill level 5 in Dodging
  6592 | D:8      | Reached skill level 5 in Stealth
  6668 | D:8      | Reached ***** piety under Trog
  6863 | D:9      | Noticed Joseph
  6897 | D:9      | Killed Joseph
  6897 | D:9      | Reached skill level 8 in Short Blades
  6897 | D:9      | Gained mutation: You regenerate health from kills. [demonic ancestry]
  6897 | D:9      | Reached XP level 10. HP: 45/77 MP: 10/10
  7052 | D:9      | Reached skill level 1 in Maces & Flails
  7162 | D:9      | Found a staircase to the Orcish Mines.
  7167 | Orc:1    | Entered Level 1 of the Orcish Mines
  7882 | Orc:2    | Entered Level 2 of the Orcish Mines
  7933 | Orc:2    | Noticed an orc knight
  7939 | Orc:2    | Noticed a centaur warrior
  7941 | Orc:2    | Shot with a bolt by an orc warrior

Skill      XL: |  1  2  3  4  5  6  7  8  9 10 |
---------------+-------------------------------+-----
Long Blades    | 3 4 |  4.2
Dodging        | 2 3 4 5 |  5.8
Short Blades   | 1 2 3 4 6 8 |  8.2
Stealth        | 1 2 3 4 5 6 |  6.0
Fighting       | 4 5 6 7 |  7.0
Throwing       | 1 2 3 |  3.2
Maces & Flails | 2 |  2.6
Armour         | |  1.9

Action                   |  1- 3 |  4- 6 |  7- 9 | 10-12 || total
-------------------------+-------+-------+-------+-------++-------
Melee: Falchion          |    64 |       |       |       ||    64
       Short sword       |    34 |   109 |   366 |       ||   509
       Kick              |     8 |    29 |   148 |    16 ||   201
       Dire flail        |       |       |    11 |    47 ||    58
Throw: Tomahawk          |       |    11 |    16 |       ||    27
Invok: Berserk           |     2 |     1 |     7 |     3 ||    13
  Use: Scroll            |       |       |     5 |       ||     5
       Potion            |       |       |     5 |       ||     5
 Stab: Sleeping          |     1 |     5 |    10 |     4 ||    20
       Distracted        |       |       |     1 |       ||     1
  Eat: Chunk             |     2 |     7 |     4 |     5 ||    18
       Royal jelly       |       |     1 |     1 |     1 ||     3
       Fruit             |       |     1 |     1 |       ||     2
       Bread ration      |       |       |     1 |       ||     1
       Meat ration       |       |       |     1 |       ||     1
Armor: Animal skin       |    26 |    28 |    42 |       ||    96
       Skin              |       |       |    21 |       ||    21
       Robe              |       |       |       |     9 ||     9
Dodge: Dodged            |    67 |    58 |   161 |    33 ||   319
       Rpst.: Falchion   |    14 |       |       |       ||    14
